groovejumper, neutral female human Wizard | ######### -....| # ## | ### #------------- ------------- # #|%.........(| |...........|##0 #|.....(.....+ |..<........-############|...-----...| |...........|### |...|.{.|@..| ------------- # |..`|{.{|S..| ### |...|.{.|...| # |...-.---P..| ###%####......`.....| |`.........[| ------------- groovejumper the Thaumaturge Experience level: 7 Strength: 10 Dexterity: 15 Constitution: 15 Intelligence: 18 Wisdom: 9 Charisma: 11 Health: 0(52) Energy: 43(46) AC: 9 Gold: 470 Moves: 3393 Your Inventory: Coins $ - 470 gold pieces Weapons a - a blessed +2 quarterstaff (weapon in hands) Armor b - a blessed +0 cloak of magic resistance (being worn) Comestibles o - 2 [uncursed] lichen corpses C - an [uncursed] tin of giant rat meat Scrolls h - an uncursed scroll of identify i - an uncursed scroll of remove curse j - an uncursed scroll of create monster B - an [uncursed] scroll labeled KIRJE [of punishment] D - an [uncursed] scroll labeled ZLORFIK [of taming] E - a [cursed] scroll labeled ACHAT SHTAYIM SHALOSH [of enchant armor] H - an [uncursed] scroll labeled DAIYEN FOOELS [of flood] Spellbooks k - a blessed spellbook of force bolt l - an uncursed spellbook of healing F - an [uncursed] spellbook of magic mapping G - an [uncursed] spellbook of create monster Potions g - 4 uncursed clear potions [of water] p - an [uncursed] silver potion [of object detection] q - a [blessed] viscous potion [of speed] r - an [uncursed] viscous potion [of speed] Rings d - an uncursed +2 ring of gain constitution e - an uncursed +1 ring of adornment I - an [uncursed -1] gold ring [of increase damage] Wands c - an uncursed wand of teleportation (0:8) Tools w - an [uncursed +0] pick-axe x - an [uncursed tallow] candle A - an [uncursed oil] lamp Spells known in the end: Name Level Category Fail Memory a - force bolt 1 attack 0% [|||||||.] b - healing 1 healing 0% [|||||||.] c - magic mapping 5 divination 100% [||||||||] d - create monster 2 clerical 43% [||||||||] Your skills at the end: Fighting Skills Weapon Skills quarterstaff [Basic / Expert] Spellcasting Skills attack spells [Basic / Expert] enchantment spells [Basic / Skilled] Final Attributes: You were piously aligned. Hunger level was 251. Your alignment was 22 / 26. Monster difficulty range was 1 - 7. Level difficulty was 7. You were magic-protected. You were hallucinating. You were telepathic. Your luck was zero. You are dead. Vanquished creatures: 2 leprechauns a black light a lizard a raven a rock piercer a fog cloud 2 gray oozes an elf zombie 5 giant ants a floating eye a dwarf a kobold shaman 2 hill orcs 3 rothes a giant bat an orc zombie a werejackal 2 iguanas a gas spore 2 hobbits 5 manes 2 giant rats a cave spider a green mold 2 gnomes a gecko 9 jackals 3 goblins 8 grid bugs 3 lichens 4 newts and a partridge in a pear tree 70 creatures vanquished. Voluntary challenges: You were an atheist. You used a wielded weapon 45 times. You read items or engraved 6 times. You put on armor 1 time. You never genocided any monsters. You never polymorphed an object. You never changed form. You used no wishes. You wrote Elbereth's name 2 times. You never encountered a bones level. You never used any Sokoban shortcuts. Dungeon overview: The Dungeons of Doom: levels 1 to 7 Level 1 a long staircase Level 2 a potion shop, a fountain Level 3 a delicatessen, a sink stairs to The Gnomish Mines Level 4 a sink Level 5 a fountain Level 7 <- You were here many fountains The Gnomish Mines: Level 4 stairs to The Dungeons of Doom History has recorded: On T:1 you entered the Dungeons of Doom to retrieve the Amulet of Yendor! On T:398 you reached level 2 of The Dungeons of Doom. On T:405 you advanced to experience level 2. On T:1068 you reached level 3 of The Dungeons of Doom. On T:1157 you advanced to experience level 3. On T:1570 you reached level 1 of The Gnomish Mines. On T:1575 you advanced to experience level 4. On T:1792 you advanced to experience level 5. On T:2221 you advanced to experience level 6. On T:2238 you reached level 5 of The Dungeons of Doom. On T:2681 you reached level 6 of The Dungeons of Doom. On T:2837 you advanced to experience level 7. On T:3298 you reached level 7 of The Dungeons of Doom. On T:3367 you received advice from The Oracle. Latest messages: "They say that nobody expects a unicorn horn to rust." <"Wilt thou settle for a minor consultation?" (50 zorkmids) [ynq]: n> <"Then dost thou desire a major one?" (850 zorkmids) [yn]: n> You see here a statue of a plains centaur. It explodes! You are caught in a blast of kaleidoscopic light! You are freaked out. You hear some noises in the distance. You see here a statue of a plains centaur. The gas spore bites! The giant ant hits! [HP-12=40] The enderman bites! The forest centerfold hits! [HP-6=34] The sandestin bites! The iguana hits! [HP-9=25] The little dog bites! The horned devil hits! [HP-13=12] The gargoyle bites! The nice golem hits! [HP-10=2] The pony bites! You die... Final status: Goodbye groovejumper the Wizard... You died in The Dungeons of Doom on dungeon level 7 with 3509 points, and 470 pieces of gold, after 3393 moves. You were level 7 with a maximum of 52 hit points when you died.